 Dungeon Crawl Stone Soup version 0.23.2-1-ga50397a6bc (webtiles) character file.

Game seed: 12961180694680715346

802 Peloso the Slasher (level 7, -3/61 HPs)
             Began as a Minotaur Fighter on Apr 22, 2019.
             Killed from afar by an orc wizard (7 damage)
             ... with a puff of flame
             ... on level 5 of the Dungeon.
             The game lasted 00:10:02 (4035 turns).

Peloso the Slasher (Minotaur Fighter)               Turns: 4035, Time: 00:10:03

Health: -3/61      AC:  8    Str: 19 (21) XL:     7   Next: 59%
Magic:  6/6        EV:  8    Int:  2 (5)  God:
Gold:   199        SH: 10    Dex: 10 (11) Spells: 6/6 levels left

rFire    . . .     SeeInvis .   a - +0 long sword
rCold    . . .     Gourm    .   c - +0 shield
rNeg     . . .     Faith    .   b - +0 scale mail
rPois    .         Spirit   .   (helmet restricted)
rElec    .         Reflect  .   y - +0 cloak
rCorr    .         Harm     .   (no gloves)
MR       .....     Rnd*Tele +   (no boots)
Stlth    ..........             (no amulet)
HPRegen  0.20/turn              o - ring of teleportation (curse)
MPRegen  0.10/turn              v - ring of attention (curse)

@: very slightly contaminated, invisible
A: retaliatory headbutt, horns 2
a: no special abilities


You were on level 5 of the Dungeon.
You were hungry.

You visited 1 branch of the dungeon, and saw 5 of its levels.

You collected 199 gold pieces.

Inventory:

Hand Weapons
 a - a +0 long sword (weapon)
Armour
 b - a +0 scale mail (worn)
 c - a +0 shield (worn)
 y - a +0 cloak (worn)
Jewellery
 o - a cursed ring of teleportation (left hand)
 v - a cursed ring of attention (right hand)
Wands
 t - a wand of iceblast (10)
 w - a wand of acid (9)
Scrolls
 d - a scroll of fog {unknown}
 h - a scroll of noise
 k - a scroll of fear
 m - a scroll of magic mapping {unknown}
 p - a scroll of random uselessness {unknown}
 r - 4 scrolls of blinking {unknown}
 x - a scroll of identify
 B - a scroll of enchant weapon {unknown}
 C - a scroll of remove curse {unknown}
Potions
 e - a potion of resistance
 g - a potion of flight {unknown}
 i - 2 potions of brilliance
 j - 2 potions of mutation
 l - a potion of curing {unknown}
 n - a potion of degeneration
 s - a potion of invisibility
 u - a potion of cancellation {unknown}
 z - 2 potions of agility {unknown}
 D - a potion of might
Comestibles
 f - 14 rations
 q - 3 chunks of flesh


   Skills:
 + Level 5.1 Fighting
 + Level 6.9 Long Blades
 + Level 5.7 Armour
 + Level 1.7 Dodging
 + Level 0.1 Stealth
 + Level 6.0 Shields


You had 6 spell levels left.
You didn't know any spells.
Your spell library was empty.

Dungeon Overview and Level Annotations

Branches:
Dungeon (5/15)
 Temple: D:4-7

Altars:
Cheibriados
Kikubaaqudgha
Ru


Innate Abilities, Weirdness & Mutations

You reflexively headbutt those who attack you in melee.
You have a pair of horns on your head.


Message History

You fade into invisibility!
You block the orc wizard's attack. The orc priest barely misses you.
You block the orc's attack.
The orc wizard points at you and mumbles some strange words.
The puff of flame misses you. The orc hits you with a +0 short sword.
* * * LOW HITPOINT WARNING * * *
You are very lightly contaminated with residual magic.
As you read the scroll of fear, it crumbles to dust.
You assume a fearsome visage.
The scorpion looks frightened!
The orc wizard looks frightened!
The orc priest looks frightened!
The orc looks frightened! x3
The orc wizard mumbles some strange words.
The orc wizard flickers and vanishes!
Deactivating autopickup; reactivate with Ctrl-A.
You see here a scroll labeled DOICOO ZUXT.
The orc shouts!
You hear some strange, mumbled words.
A puff of flame appears from out of thin air!
The puff of flame hits you!
You die...

#.# #.. #.#.# ... .
#.#.########..# ..
#.#.#..@....... ..
#.#.#.######.##.#..
#.#.#.# ..... .
#.#.#.######..#....
#.#)#o#...?..?....#
#.)).....o.........
###.#.#.##...#....#
...#.#.##........#
#####.#.###..##oo.#


There were no monsters in sight!

Vanquished Creatures
  Grinder (D:4)
  A phantom (D:4)
  A scorpion (D:4)
  A howler monkey (D:4)
  2 orc wizards (D:3)
  A hound (D:5)
  A worker ant (D:4)
  Natasha (thrice) (D:3)
  A hound skeleton (D:4)
  9 adders
  4 gnolls
  An ooze (D:4)
  3 worms
  2 dart slugs
  4 leopard geckos
  20 orcs
  2 ball pythons
  6 bats
  4 giant cockroaches
  5 goblins
  7 hobgoblins
  3 jackals (D:3)
  A quokka (D:3)
  6 frilled lizards
  8 kobolds
  A leopard gecko skeleton (D:4)
  10 rats
108 creatures vanquished.

Notes
Turn   | Place    | Note
-------+----------+-------------------------------------------
     0 | D:1      | Peloso the Minotaur Fighter began the quest for the Orb.
     0 | D:1      | Reached XP level 1. HP: 19/19 MP: 0/0
    88 | D:1      | Reached XP level 2. HP: 16/27 MP: 1/1
   583 | D:2      | Reached XP level 3. HP: 33/33 MP: 2/2
   691 | D:2      | Reached XP level 4. HP: 19/40 MP: 3/3
  1623 | D:3      | Noticed Natasha
  1649 | D:3      | Killed Natasha
  1652 | D:3      | Noticed Natasha
  1664 | D:3      | Killed Natasha
  1664 | D:3      | Reached XP level 5. HP: 10/47 MP: 4/4
  1696 | D:3      | Reached skill level 5 in Shields
  1931 | D:3      | Found a snail-covered altar of Cheibriados.
  2510 | D:3      | Noticed Natasha
  2521 | D:3      | Killed Natasha
  2666 | D:3      | Found a sacrificial altar of Ru.
  2888 | D:3      | Reached skill level 1 in Dodging
  2888 | D:3      | Reached XP level 6. HP: 51/53 MP: 5/5
  3002 | D:4      | Reached skill level 5 in Long Blades
  3088 | D:4      | Reached skill level 5 in Armour
  3292 | D:4      | Found an ancient bone altar of Kikubaaqudgha.
  3391 | D:4      | Noticed Grinder
  3401 | D:4      | Paralysed by Grinder for 4 turns
  3410 | D:4      | Killed Grinder
  3410 | D:4      | Reached skill level 5 in Fighting
  3410 | D:4      | Reached XP level 7. HP: 43/61 MP: 6/6
  3957 | D:5      | Entered Level 5 of the Dungeon
  4021 | D:5      | HP: 2/61 [orc priest/divine providence (16)]
  4035 | D:5      | Killed from afar by an orc wizard

Skill      XL: |  1  2  3  4  5  6  7 |
---------------+----------------------+-----
Shields        | 4 5 6 |  6.0
Fighting       | 4 5 |  5.1
Armour         | 4 5 |  5.7
Long Blades    | 3 4 6 |  6.9
Dodging        | 1 |  1.7
Stealth        | |  0.1

Action                   |  1- 3 |  4- 6 |  7- 9 || total
-------------------------+-------+-------+-------++-------
Melee: Long sword        |    64 |   208 |    48 ||   320
       Headbutt          |     5 |    32 |    12 ||    49
  Use: Scroll            |     3 |       |     4 ||     7
       Potion            |       |     1 |     2 ||     3
  Eat: Chunk             |       |     8 |     2 ||    10
Armor: Scale mail        |    20 |    65 |    19 ||   104
Dodge: Dodged            |    30 |    57 |    19 ||   106
Block: Shield            |    33 |   103 |    36 ||   172
       Rpst.: Long sword |    12 |    13 |     5 ||    30
